 Dungeon Crawl Stone Soup version 0.31-a0-692-gf03d1854d5 (webtiles) character file.

Game seed: 4977428471611477881

546 qw the Shooter (level 7, -6/43 HPs)
             Began as a Gargoyle Hunter on Sept 6, 2023.
             Mangled by a gnoll sergeant
             ... wielding a +0 trident
              (11 damage)
             ... on level 4 of the Dungeon.
             The game lasted 00:01:26 (3141 turns).

qw the Shooter (Gargoyle Hunter)                    Turns: 3141, Time: 00:01:27

Health: -6/43      AC:  7    Str: 15    XL:     7   Next: 28%
Magic:  7/7        EV: 12    Int:  9    God:
Gold:   375        SH:  5    Dex: 15    Spells: 6/6 levels left

rFire   . . .        Y - +1 shortbow
rCold   + . .        (shield currently unavailable)
rNeg    + . .        c - +0 leather armour
rPois   inf          (no helmet)
rElec   +            (no cloak)
rCorr   .            (no gloves)
SInv    .            (no boots)
Will    .....        g - amulet of reflection
Stlth   ++           i - ring of protection from cold
HPRegen 0.27/turn    (no ring)
MPRegen 0.10/turn

%: reflection
@: no status effects
A: sickness immunity, AC +4, negative energy resistance 1, electricity
resistance, torment resistance 1, petrification resistance
a: no special abilities


You were on level 4 of the Dungeon.
You visited 1 branch of the dungeon, and saw 4 of its levels.
You also visited: Ossuary.

You collected 375 gold pieces.


Innate Abilities, Weirdness & Mutations

You are immune to sickness and miasma.
Your stone body is resilient. (AC +4)
You are immune to poison.
You resist negative energy. (rN+)
You are resistant to electric shocks. (rElec)
You are resistant to unholy torment.
You are immune to petrification.


   Skills:
 - Level 4.0 Fighting
 + Level 7.8 Ranged Weapons
 - Level 2.0 Dodging
 - Level 1.1 Stealth


You had 6 spell levels left.
You didn't know any spells.
Your spell library was empty.

Inventory:

Hand Weapons
 Y - a +1 shortbow (weapon)
Armour
 c - a +0 leather armour (worn)
 e - a +0 ring mail
 f - a +0 pair of boots
Jewellery
 g - an amulet of reflection (around neck)
 i - a ring of protection from cold (left hand)
Scrolls
 a - a scroll of identify
 d - a scroll of enchant armour
Potions
 b - a potion of enlightenment
 h - a potion of might
 k - 4 potions of curing
 l - 2 potions of mutation {unknown}
 m - a potion of heal wounds {unknown}
 n - a potion of haste

Dungeon Overview and Level Annotations

Branches:
Dungeon (4/15)            Ossuary (visited)
 Temple: D:4-7

Altars:
Dithmenos
The Shining One

Annotations:
D:3 3 runed translucent doors, qw's ghost, amateur GrHu


Message History

The gnoll sergeant is lightly wounded.
You block the gnoll sergeant's attack.
You shoot an arrow. The arrow hits the gnoll sergeant.
The gnoll sergeant is lightly wounded.
The gnoll sergeant hits you from afar with a +0 trident.
You shoot an arrow. The arrow hits the gnoll sergeant.
The gnoll sergeant is moderately wounded.
You block the gnoll sergeant's attack.
You shoot an arrow. The arrow hits the gnoll sergeant.
The gnoll sergeant is moderately wounded.
The gnoll sergeant hits you from afar with a +0 trident!
You shoot an arrow.
The arrow hits the gnoll sergeant but does no damage.
The gnoll sergeant is moderately wounded.
The gnoll sergeant hits you from afar with a +0 trident.
You shoot an arrow.
The arrow closely misses the gnoll sergeant.
The arrow hits the gnoll but does no damage.
The gnoll is heavily wounded.
The gnoll sergeant hits you but does no damage.
You shoot an arrow. The arrow hits the gnoll sergeant.
The gnoll sergeant is severely wounded.
The gnoll sergeant hits you from afar with a +0 trident.
You shoot an arrow.
The arrow hits the gnoll sergeant but does no damage.
The gnoll sergeant is severely wounded.
The gnoll sergeant hits you from afar with a +0 trident!
You shoot an arrow.
The arrow hits the gnoll sergeant but does no damage.
The gnoll sergeant is severely wounded.
The gnoll sergeant hits you from afar with a +0 trident.
You shoot an arrow.
The arrow hits the gnoll sergeant but does no damage.
The gnoll sergeant is severely wounded.
The gnoll sergeant hits you from afar with a +0 trident!
You shoot an arrow.
The arrow hits the gnoll sergeant but does no damage.
The gnoll sergeant is heavily wounded.
The gnoll sergeant hits you from afar with a +0 trident!
You die... )..............# .#.............# .... .######...####.# ...# .# #...# #.# .#.### .# #...# #.# gg.g.

.# #...# #.# g..###
.## #...# #.#
.....#. ..######.##
#.####gg.....
......##.#
#..@.ggg...#
..###.##.#
######g....# ..#
########## .......
..# ##.)...##
####### #.#
#8.....8# #.#
##.....## #.#
###.### ..# #.#
..########\#########


You could see a gnoll sergeant and 5 gnolls.

Vanquished Creatures
  Menkaure (D:4)
  An ogre (D:4)
  A jelly (D:4)
  2 orc wizards
  8 mummies (Ossuary)
  A gnoll (D:4)
  6 adders
  3 dart slugs
  10 orcs
  10 bats
  5 endoplasms
  3 giant cockroaches
  9 goblins
  8 hobgoblins
  5 jackals
  3 quokkas
  3 ball pythons
  A frilled lizard (D:1)
  2 gnoll zombies (Ossuary)
  2 hobgoblin zombies (Ossuary)
  5 kobolds
  A kobold zombie (Ossuary)
  3 orc zombies (Ossuary)
  6 rats
99 creatures vanquished.

Notes
Turn   | Place    | Note
-------+----------+-------------------------------------------
     0 | D:1      | qw the Gargoyle Hunter began the quest for the Orb.
     0 | D:1      | Reached XP level 1. HP: 12/12 MP: 1/1
     0 | D:1      | 0 ||| qw: Version: 0.3-a-76-g4403597
     0 | D:1      | 0 ||| qw: Game counter: 285
     0 | D:1      | 0 ||| qw: Melee chars always use a shield: true
     0 | D:1      | 0 ||| qw: God list: Okawaru
     0 | D:1      | 0 ||| qw: Allow faded altars: false
     0 | D:1      | 0 ||| qw: Do Orc after clearing Dungeon:15 true
     0 | D:1      | 0 ||| qw: Do second Lair branch before Depths: true
     0 | D:1      | 0 ||| qw: Lair rune preference: random
     0 | D:1      | 0 ||| qw: Goals: Normal
     0 | D:1      | 0 ||| PLANNING D:1-11
    96 | D:1      | Reached XP level 2. HP: 17/17 MP: 2/2
   430 | D:1      | Reached XP level 3. HP: 15/21 MP: 3/3
   547 | D:1      | Found a faded altar of an unknown god.
   692 | D:1      | Reached skill level 5 in Ranged Weapons
   701 | D:1      | 701 ||| READING 3 scrolls labelled NAABA MUOF.
   702 | D:1      | 702 ||| READING 2 scrolls labelled GOINEPL GOTSA.
   703 | D:1      | 703 ||| READING scroll labelled GUOLUC RICUOQI.
   704 | D:1      | 704 ||| DROPPING scroll of butterflies.
   705 | D:1      | 705 ||| DROPPING scroll of fear.
   897 | D:2      | Identified the +11 dagger of the Past {elec, *Noise rN++
                  | SInv}
   909 | D:2      | Reached skill level 3 in Fighting
  1143 | D:2      | Reached XP level 4. HP: 28/28 MP: 4/4
  1205 | D:2      | 1205 ||| UPGRADING to amulet of reflection.
  1210 | D:2      | 1210 ||| UPGRADING to ring of protection from cold.
  1211 | D:2      | 1211 ||| READING 2 scrolls labelled EBEULU QAI.
  1212 | D:2      | 1212 ||| READING scroll labelled YQYDAFEELO.
  1215 | D:2      | 1215 ||| READING scroll labelled CIABBU OJ ELLU.
  1216 | D:2      | 1216 ||| READING 2 scrolls of identify.
  1216 | D:2      | 1216 ||| IDENTIFYING amethyst potion
  1344 | D:3      | Found a glowing golden altar of the Shining One.
  1517 | D:3      | Found a runed translucent gate.
  1517 | D:3      | Found a runed translucent gate.
  1518 | D:3      | Found a runed translucent gate.
  1526 | D:3      | Noticed qw's ghost (amateur GrHu)
  1593 | D:3      | Found a shadowy altar of Dithmenos.
  1691 | D:3      | Reached XP level 5. HP: 32/32 MP: 5/5
  2095 | D:3      | 2095 ||| READING scroll labelled VATWYU DAT NUC.
  2096 | D:3      | 2096 ||| READING scroll labelled UCSAFE PUPNEJA.
  2097 | D:3      | 2097 ||| DRINKING 3 ruby potions.
  2098 | D:3      | 2098 ||| READING 2 scrolls of identify.
  2098 | D:3      | 2098 ||| IDENTIFYING orange potion
  2099 | D:3      | 2099 ||| DROPPING potion of attraction.
  2111 | D:4      | 2111 ||| PLANNING OSSUARY
  2123 | D:4      | Reached skill level 6 in Ranged Weapons
  2125 | D:4      | Found a sand-covered staircase.
  2134 | Ossuary  | Entered an ossuary
  2360 | Ossuary  | Reached XP level 6. HP: 38/38 MP: 6/6
  2415 | Ossuary  | 2415 ||| READING scroll labelled YLOTOZ OLE.
  2416 | Ossuary  | 2416 ||| DRINKING 3 puce potions.
  2417 | Ossuary  | 2417 ||| DRINKING 2 white potions.
  2418 | Ossuary  | 2418 ||| READING 3 scrolls of identify.
  2418 | Ossuary  | 2418 ||| IDENTIFYING fizzy black potion
  2419 | Ossuary  | 2419 ||| READING 2 scrolls of identify.
  2419 | Ossuary  | 2419 ||| IDENTIFYING bubbling grey potion
  2420 | Ossuary  | 2420 ||| DROPPING potion of brilliance.
  2421 | Ossuary  | 2421 ||| DROPPING 2 potions of invisibility.
  2441 | D:4      | 2441 ||| PLANNING D:1-11
  2485 | D:4      | HP: 7/38 [ogre/+0 giant club (25)]
  2655 | D:4      | Noticed Menkaure
  2662 | D:4      | HP: 9/38 [Menkaure (17)]
  2664 | D:4      | HP: 2/38 [Menkaure (7)]
  2665 | D:4      | Killed Menkaure
  2666 | D:4      | Reached skill level 7 in Ranged Weapons
  2666 | D:4      | Reached XP level 7. HP: 3/43 MP: 7/7
  2890 | D:4      | 2890 ||| Stepping ~*~*~tactically~*~*~ (outnumbered).
  3120 | D:4      | 3120 ||| RETREATING.
  3122 | D:4      | 3122 ||| RETREATING.
  3124 | D:4      | 3124 ||| Stepping ~*~*~tactically~*~*~ (retreating).
  3128 | D:4      | 3128 ||| Stepping ~*~*~tactically~*~*~ (retreating).
  3140 | D:4      | HP: 5/43 [gnoll sergeant/+0 trident (7)]
  3141 | D:4      | Mangled by a gnoll sergeant

Levels and vault maps discovered:
D:1:      dpeg_arrival_simpleton_a, layout_loops_ring,
          ebering_ecumenical_altar_hall
D:2:      layout_rooms, palyth_stone_intersect, dk_vineyard_2,
          minmay_tetromino_o2
D:3:      layout_basic, mainiacjoe_overflow_alcove_1, general_overflow_altar,
          gammafunk_ghost_necromancy, kennysheep_big_empty_room
D:4:      layout_loops_cross, chequers_ossuary_entry_cave, serial_shops,
          nicolae_shop_statue_plus, uniq_menkaure

Skill      XL: |  1  2  3  4  5  6  7 |
---------------+----------------------+-----
Ranged Weapons | 5 6 7 |  7.8
Fighting       | 3 4 |  4.0
Dodging        | 2 |  2.0
Stealth        | |  1.1

Action                     |  1- 3 |  4- 6 |  7- 9 || total
---------------------------+-------+-------+-------++-------
   Fire: Shortbow          |   119 |   188 |    66 ||   373
    Use: Scroll            |     3 |    10 |       ||    13
         Potion            |       |     3 |       ||     3
 Armour: Leather armour    |    22 |    40 |    26 ||    88
  Dodge: Dodged            |    38 |    37 |    17 ||    92
  Block: Other             |       |    15 |     8 ||    23

Table legend:
 A = Non-vault XP
 B = Vault XP
 C = Vault XP percentage of total XP
 D = Non-vault monster count
 E = Vault monster count
 F = Vault count percentage of total count
                 A         B        C        D         E       F
            +---------+---------+-------+---------+---------+-------
      Total |     453 |     328 |  42.0 |      81 |      18 |  18.2
            +---------+---------+-------+---------+---------+-------
        D:1 |      40 |       0 |   0.0 |      25 |       0 |   0.0
        D:2 |      40 |       2 |   4.8 |      15 |       1 |   6.2
        D:3 |      98 |       0 |   0.0 |      20 |       0 |   0.0
        D:4 |     275 |     172 |  38.5 |      21 |       1 |   4.5
    Ossuary |       0 |     154 | 100.0 |       0 |      16 | 100.0
            +---------+---------+-------+---------+---------+-------
